 Dungeon Crawl Stone Soup version 0.27.1-33-g824d729ab1 (webtiles) character file.

Game seed: 6858786652237793797

115 pkoi the Ruffian (level 4, -3/35 HPs)
             Began as a Draconian Artificer on Dec 23, 2021.
             Was an Initiate of Qazlal.
             Killed from afar by an orc wizard (5 damage)
             ... with a magic dart
             ... on level 3 of the Dungeon.
             The game lasted 00:03:26 (2826 turns).

pkoi the Ruffian (Draconian Artificer)              Turns: 2826, Time: 00:03:30

Health: -3/35      AC:  5    Str: 15    XL:     4   Next: 68%
Magic:  4/4        EV: 12    Int: 12    God:    Qazlal [......]
Gold:   105        SH:  0    Dex: 13    Spells: 3/3 levels left

rFire    . . .     SeeInvis .   j - +0 quarterstaff
rCold    . . .     Faith    .   (shield currently unavailable)
rNeg     . . .     Spirit   .   (armour unavailable)
rPois    .         Reflect  .   (helmet restricted)
rElec    .         Harm     .   l - scarf {+Inv}
rCorr    .         Rampage  .   (no gloves)
Will     .....     Clarity  +   (no boots)
Stlth    ++........             (no amulet)
HPRegen  0.11/turn              (no ring)
MPRegen  0.09/turn              (no ring)

@: confused
A: AC +5, unfitting armour, cold-blooded, thin skeletal structure 1, clarity,
MP-powered wands
a: Renounce Religion, Evoke Invisibility


You were on level 3 of the Dungeon.
You worshipped Qazlal.
Qazlal was noncommittal.
You visited 1 branch of the dungeon, and saw 3 of its levels.

You collected 117 gold pieces.
You spent 12 gold pieces at shops.

Inventory:

Hand Weapons
 a - a +0 club
 j - a +0 quarterstaff (weapon)
Missiles
 i - 2 atropa-tipped darts
Armour
 l - a scarf of invisibility (worn)
Wands
 b - a wand of flame (10) (quivered)
 c - a wand of charming (10)
Scrolls
 e - 2 scrolls of teleportation {unknown}
 f - a scroll of enchant weapon {unknown}
 g - a scroll of identify {unknown}
 h - a scroll of acquirement {unknown}
 m - a scroll of magic mapping {unknown}
Miscellaneous
 d - a piece from Xom's chessboard (15/15)


   Skills:
 - Level 1.1 Fighting
 - Level 2.1 Dodging
 - Level 0.8 Stealth
 * Level 3.9 Unarmed Combat
 + Level 0.1 Invocations
 + Level 3.5 Evocations


You had 3 spell levels left.
You didn't know any spells.
Your spell library contained the following spells:

 Spells                   Type           Power      Damage    Failure   Level
 Gell's Gravitas          Tloc           0%         N/A       69%         3
 Lesser Beckoning         Tloc           0%         N/A       69%         3
 Teleport Other           Tloc           0%         N/A       69%         3
 Tukima's Dance           Hex            0%         N/A       69%         3
 Passage of Golubria      Tloc           N/A        N/A       97%         4
 Yara's Violent Unravell  Hex/Tmut       0%         3d3       100%        5


Dungeon Overview and Level Annotations

Branches:
Dungeon (3/15)

Altars:
Qazlal

Shops:
D:3 !


Innate Abilities, Weirdness & Mutations

Your plain brown scales are hard. (AC +5)
You cannot fit into any form of body armour.
You are cold-blooded and may be slowed by cold attacks.
You have a somewhat thin skeletal structure. (Dex +2, Stealth+)
You possess an exceptional clarity of mind.
You expend magic power (3 MP) to strengthen your wands.


Message History

You feel less confused. The orc completely misses you.
Unknown command.
You hit the orc.
You tail-slap the orc, but do no damage.
The orc is heavily wounded.
Something hits you. The orc barely misses you. Something hits you.
Unknown command.
You barely miss the orc.
The orc is moderately wounded.
The orc hits you but does no damage.
You hear some strange, mumbled words.
Something tries to affect you, but you resist.
The orc hits you but does no damage.
Unknown command.
Aiming: Charm
Press: ? - help, Shift-Dir - straight line, f - orc
Aim: an orc, wielding a +0 short sword and wearing a +0 leather armour (moderately wounded, chance to affect: 73%)
The orc struggles to resist.
You hear some strange, mumbled words.
You are confused.
The orc barely misses you.
You bump into the rock wall.
Something hits you.
* * * LOW HITPOINT WARNING * * *
The orc barely misses you.
The orc priest invokes the aid of Beogh against you.
Beogh smites you!
* * * LOW HITPOINT WARNING * * *
Unknown command.
You bump into the rock wall.
Something hits you.
* * * LOW HITPOINT WARNING * * *
The orc barely misses you.
Unknown command.
It was a potion of mutation.
You feel extremely strange.
Your bones become slightly less dense.
Your thoughts seem clearer.
You feel your magical essence link to the dungeon's wands.
You hear some strange, mumbled words.
A magic dart appears from out of thin air!
The magic dart hits you.
You die...

.##..#.###
#... .##..#.#
#..# ....<..#
#..# ###..###
#... #..#
#.## #..#
##### #.#
#..# ##...##
#.# #..#
#####.###.#
#)# #..#
#@o...# #.#
#.# #...
#{###.###.#
#.# #o#
##...######.#
#o#
##.........#
#.#
###########
.<# ... ###


You could see an orc priest and 2 orcs.

Vanquished Creatures
  A centaur zombie (D:3)
  3 adders (D:2)
  A worm (D:3)
  2 dart slugs (D:1)
  3 orcs
  4 ball pythons
  6 endoplasms
  A giant cockroach (D:2)
  5 goblins
  5 hobgoblins
  4 jackals (D:1)
  A kobold (D:1)
  A quokka (D:3)
  5 bats
  3 frilled lizards
45 creatures vanquished.

Vanquished Creatures (collateral kills)
  A giant cockroach (D:2)
  A bat (D:1)
2 creatures vanquished.

Grand Total: 47 creatures vanquished

Notes
Turn   | Place    | Note
-------+----------+-------------------------------------------
     0 | D:1      | pkoi the Draconian Artificer began the quest for the Orb.
     0 | D:1      | Reached XP level 1. HP: 16/16 MP: 1/1
   133 | D:1      | Reached skill level 1 in Unarmed Combat
   178 | D:1      | Reached XP level 2. HP: 7/23 MP: 2/2
  1357 | D:1      | Reached XP level 3. HP: 28/28 MP: 3/3
  1501 | D:2      | Found a stormy altar of Qazlal.
  1524 | D:2      | Became a worshipper of Qazlal Stormbringer
  2241 | D:2      | Reached XP level 4. HP: 32/35 MP: 4/4
  2431 | D:3      | Found Keno's Distillery.
  2503 | D:3      | Bought a potion of degeneration for 12 gold pieces
  2826 | D:3      | Gained mutation: You have a somewhat thin skeletal
                  | structure. (Dex +2, Stealth+) [potion of mutation]
  2826 | D:3      | Gained mutation: You possess an exceptional clarity of
                  | mind. [potion of mutation]
  2826 | D:3      | Gained mutation: You expend magic power (3 MP) to
                  | strengthen your wands. [potion of mutation]
  2826 | D:3      | Killed from afar by an orc wizard

Illustrated notes

Levels and vault maps discovered:
D:1:      tarquinn_simple_flora_water_a, layout_basic
D:2:      layout_rooms, basic_altar
D:3:      layout_loops_ring, serial_shops, shop_fountains, nicolae_diamond_shop,
          nicolae_shop_behind_doors, shop_coins, shop, uniq_ijyb

Skill      XL: |  1  2  3 |
---------------+----------+-----
Unarmed Combat | 1 2 3 |  3.9
Fighting       | |  1.1
Dodging        | |  2.1
Stealth        | |  0.8
Invocations    | |  0.1
Evocations     | |  3.5

Action                   |  1- 3 |  4- 6 || total
-------------------------+-------+-------++-------
Melee: Club              |   115 |       ||   115
       Tailslap          |    26 |     2 ||    28
       Quarterstaff      |    32 |    34 ||    66
Evoke: Wand              |     9 |     1 ||    10
  Use: Potion            |       |     1 ||     1
 Stab: Sleeping          |       |     1 ||     1
Armor: Skin              |    70 |    14 ||    84
Dodge: Dodged            |   117 |    29 ||   146
